 Dungeon Crawl Stone Soup version 0.30.1-6-gbe392663c4 (webtiles) character file.

Game seed: 13929961073605812968

102888 Kurtz the Slayer (level 16, 0/181 HPs)
             Began as a Tengu Fighter on Sept 20, 2023.
             Was the Champion of Okawaru.
             Slain by Taurus's ghost (7 damage)
             ... on level 2 of the Orcish Mines.
             The game lasted 00:47:46 (23368 turns).

Kurtz the Slayer (Tengu Fighter)                   Turns: 23368, Time: 00:47:47

Health: 0/181      AC: 24    Str: 25    XL:     16   Next: 34%
Magic:  1/19       EV: 18    Int: 11    God:    Okawaru [******]
Gold:   2676       SH:  6    Dex: 15    Spells: 15/15 levels left

rFire   + . .        a - +5 broad axe (vamp)
rCold   . . .        c - +0 buckler
rNeg    . . .        n - +4 plate armour {rF+}
rPois   +            i - +3 hat "Gecaanan" {-Cast rElec Str+4 Stlth+}
rElec   +            b - +2 cloak of the Thief {*Fog Slay-2 SInv Stlth+}
rCorr   .            w - +2 pair of gloves {infuse}
SInv    +            (boots unavailable)
Will    +....        S - amulet of regeneration Stlth
                     f - +5 ring of evasion
HPRegen 1.30/turn    H - ring of poison resistance
MPRegen 0.16/turn

%: no spellcasting, infuse magic (1 MP)
@: berserking (expiring), lethally poisoned (0 -> -6), flying quickly and
evasively, very quick
A: beak, talons 3, nimble flight
a: Renounce Religion, Heroism, Finesse, Duel


You were on level 2 of the Orcish Mines.
You worshipped Okawaru.
Okawaru was exalted by your worship.
You visited 4 branches of the dungeon, and saw 23 of its levels.
You also visited: Sewer, Ossuary, Bailey, Gauntlet and Ice Cave.

You collected 3727 gold pieces.
You spent 1051 gold pieces at shops.

Inventory:

Hand Weapons
 a - a +5 vampiric broad axe (weapon)
 A - a +2 flail of protection
 N - the +4 war axe "Juefu" {freeze, rElec Str+3 Dex+3}
   (You took it off a minotaur in a Gauntlet)

   Str:       It affects your strength (+3).
   Dex:       It affects your dexterity (+3).
   rElec:     It insulates you from electricity.
Missiles
 l - 8 curare-tipped darts (quivered)
 B - 4 throwing nets
Armour
 b - the +2 cloak of the Thief (worn) {*Fog Slay-2 SInv Stlth+}
   (You found it in a bailey)

   *Fog:      It may release a thick cloud of smoke when the wearer is hurt.
   Slay:      It affects your accuracy & damage with ranged weapons and melee
   (-2).
   SInv:      It lets you see invisible.
   Stlth:     It makes you more stealthy.
 c - a +0 buckler (worn)
 i - the +3 hat "Gecaanan" (worn) {-Cast rElec Str+4 Stlth+}
   (You acquired it on level 9 of the Dungeon)

   Str:       It affects your strength (+4).
   rElec:     It insulates you from electricity.
   -Cast:     It prevents spellcasting.
   Stlth:     It makes you more stealthy.
 j - +0 ice dragon scales
 n - a +4 plate armour of fire resistance (worn)
 p - a scarf of resistance
 q - the +0 pair of gloves of the Lich-sworn {rF+ Int+3}
   (You found it in a Gauntlet)

   Int:       It affects your intelligence (+3).
   rF:        It protects you from fire.
 u - the +4 cloak "Henes" {Drain rC++}
   (You acquired it on level 2 of the Orcish Mines)

   rC:        It greatly protects you from cold.
   Drain:     It drains your maximum health when unequipped.
 w - a +2 pair of gloves of infusion (worn)
 T - an orb of mayhem
 X - the scarf of Lesser Demons {repulsion, Fly rC- Str+3 Dex+5}
   (Okawaru gifted it to you in a Gauntlet)

   Str:       It affects your strength (+3).
   Dex:       It affects your dexterity (+5).
   rC:        It makes you vulnerable to cold.
   Fly:       It grants you flight.
Jewellery
 f - a +5 ring of evasion (left hand)
 E - a ring of see invisible
 H - a ring of poison resistance (right hand)
 S - an amulet of regeneration (around neck)
Wands
 z - a wand of iceblast (8)
 G - a wand of polymorph (14)
 I - a wand of digging (7)
 L - a wand of mindburst (5)
 Q - a wand of flame (39)
Scrolls
 e - 5 scrolls of vulnerability
 h - 6 scrolls of enchant armour
 k - 15 scrolls of teleportation
 m - 3 scrolls of magic mapping
 o - 7 scrolls of poison
 r - a scroll of silence
 v - 2 scrolls of blinking
 x - 8 scrolls of fear
 C - 3 scrolls of fog
 K - 5 scrolls of immolation
 U - 2 scrolls of brand weapon
 Y - a scroll of summoning
Potions
 d - 5 potions of might
 g - 6 potions of berserk rage {curing}
 s - 10 potions of mutation
 D - 4 potions of ambrosia
 F - 7 potions of heal wounds
 J - 9 potions of curing
 M - a potion of haste
 O - 3 potions of brilliance
 P - 3 potions of invisibility
 R - a potion of resistance
 V - a potion of cancellation
 W - 2 potions of magic
Miscellaneous
 t - a phial of floods
 y - a piece from Xom's chessboard (15/15)
 Z - a condenser vane


   Skills:
 * Level 21.6 Fighting
 - Level 18.0 Axes
 - Level 3.2 Armour
 * Level 10.2 Dodging
 * Level 9.1 Shields
 - Level 3.5 Invocations


You had 15 spell levels left.
You didn't know any spells.
Your spell library contained the following spells:

 Spells                   Type           Power      Damage    Failure   Level
 Kiss of Death            Conj/Necr      0%         2d5       100%        1
 Necrotise                Necr           0%         1d4       100%        1
 Slow                     Hex            0%         N/A       100%        1
 Ensorcelled Hibernation  Hex/Ice        0%         N/A       100%        2
 Poisonous Vapours        Pois/Air       0%         N/A       100%        2
 Sublimation of Blood     Necr           0%         N/A       100%        2
 Confusing Touch          Hex            0%         N/A       100%        3
 Gell's Gravitas          Tloc           0%         N/A       100%        3
 Ignite Poison            Fire/Tmut/Pois 0%         N/A       100%        3
 Inner Flame              Hex/Fire       0%         N/A       100%        3
 Mephitic Cloud           Conj/Pois/Air  0%         N/A       100%        3
 Portal Projectile        Hex/Tloc       0%         N/A       100%        3
 Spider Form              Tmut/Pois      0%         N/A       100%        3
 Teleport Other           Tloc           0%         N/A       100%        3
 Vampiric Draining        Necr           0%         2d6       100%        3
 Anguish                  Hex/Necr       0%         N/A       100%        4
 Cause Fear               Hex            0%         N/A       100%        4
 Petrify                  Tmut/Erth      0%         N/A       100%        4
 Sticky Flame             Conj/Fire      0%         2d3       100%        4
 Agony                    Necr           0%         N/A       100%        5
 Blade Hands              Tmut           0%         N/A       100%        5
 Borgnjor's Vile Clutch   Necr/Erth      0%         N/A       100%        5
 Freezing Cloud           Conj/Ice/Air   0%         6-21      100%        5
 Irradiate                Conj/Tmut      0%         3d11      100%        5
 Dispersal                Tloc           0%         N/A       100%        6
 Dragon Form              Tmut           0%         N/A       100%        7
 Enfeeble                 Hex            0%         N/A       100%        7
 Ignition                 Fire           0%         3d3       100%        8
 Tukima's Dance           Hex            Unusable   N/A       N/A         3
 Animate Dead             Necr           Unusable   N/A       N/A         4
 Death Channel            Necr           Unusable   N/A       N/A         6
 Dragon's Call            Summ           Unusable   N/A       N/A         9

Dungeon Overview and Level Annotations

Branches:
Dungeon (15/15)            Temple (1/1) D:6            Lair (5/5) D:10
  Swamp (0/4) Lair:3        Snake (0/4) Lair:2        Slime (0/5) Lair:4
    Orc (2/2) D:9             Elf (0/3) Orc:2        Vaults (0/5) D:13
 Depths (0/4) D:15          Sewer (visited)         Ossuary (visited)
 Bailey (visited)           IceCv (visited)         Gauntlet (visited)

Altars:
Ashenzari
Cheibriados
Dithmenos
Elyvilon
Fedhas
Gozag
Hepliaklqana
Kikubaaqudgha
Makhleb
Nemelex Xobeh
Okawaru
Qazlal
Ru
Sif Muna
Trog
Uskayaw
Vehumet
Wu Jian
Xom
Yredelemnul
Zin
The Shining One
Jiyva

Shops:
D:1 *   D:2 (   D:10 :(((   D:15 *   Orc:2 *?=:(

Portals:
Pandemonium: Orc:2

Annotations:
D:9 2 transporters
D:13 1 runed translucent door, Kurtz's ghost, journeyman TeFi
Orc:1 3 runed translucent doors, Ytum's ghost, journeyman HOFi
Orc:2 Taurus's ghost, adept MiFi


Innate Abilities, Weirdness & Mutations

You have a beak for a mouth.
You have claws for feet.
Your magical nature lets you fly swiftly and evasively.


Message History

You feel very sick.
* * * LOW HITPOINT WARNING * * *
You feel extremely sick.
A red film seems to cover your vision as you go berserk!
You feel yourself moving faster!
You feel mighty!
You feel very sick.
Taurus's ghost says, "You can hit me, but you can't hurt me."
Taurus's ghost barely misses you.
You hit Taurus's ghost.
You claw Taurus's ghost, but do no damage.
Taurus's ghost is heavily damaged.
You feel sick.
Taurus's ghost hits you but does no damage.
You are more poisoned.
You barely miss Taurus's ghost.
You claw Taurus's ghost, but do no damage.
Taurus's ghost is heavily damaged.
* * * LOW HITPOINT WARNING * * *
You feel very sick.
You open Taurus's ghost like a pillowcase!!!
You claw Taurus's ghost.
Taurus's ghost is severely damaged.
* * * LOW HITPOINT WARNING * * *
You feel very sick. Taurus's ghost misses you.
You hit Taurus's ghost but do no damage.
Your peck misses Taurus's ghost.
Taurus's ghost is severely damaged.
* * * LOW HITPOINT WARNING * * *
You feel sick.
You closely miss Taurus's ghost. Your kick misses Taurus's ghost.
Taurus's ghost is severely damaged.
* * * LOW HITPOINT WARNING * * *
You feel sick.
You barely miss Taurus's ghost. Your kick misses Taurus's ghost.
Taurus's ghost is severely damaged.
* * * LOW HITPOINT WARNING * * *
You feel very sick. Taurus's ghost hits you!
You die...

##...###......).##...##))
##.....###..###...##.##[).
#.......###..###...###...#
#........###..###..)#...##
#######...###..###.#.#.### #
......#....###..###.).###. ###
..#.#.#.§.§.###..###.###.. ..##
..8.8.#)§§§..###))#####... ...#
#)....()W@....###.)###.... ..##
_)....')§......##...#..... ...##
#!....'................... ....#
?.8.8.#................... ....##
..#.#.#.......)........... .....#
......#...................
.....#########...................
..).....................^........
.................................


You could see Taurus's ghost.

Vanquished Creatures
  Agnes (D:15)
  A frost giant (IceCv)
  An orc warlord (Bailey)
  2 minotaurs
  A merfolk javelineer (Orc:2)
  2 hydras (Lair:2)
  A catoblepas (Gauntlet)
  3 demonspawn (Orc:2)
  7 two-headed ogres
  An ogre mage (D:13)
  3 centaur warriors (Orc:2)
  19 death yaks
  A boulder beetle (D:11)
  5 orc high priests (Orc:2)
  A tengu warrior (D:12)
  A soul eater (Orc:2)
  A sun demon (Orc:2)
  A skyshark (Lair:5)
  2 goliath frogs (Lair:5)
  A lindwurm (Lair:4)
  A necromancer (Gauntlet)
  6 orc knights
  A deep elf pyromancer (D:13)
  2 cyclopes
  2 manticores
  An ugly thing (D:12)
  6 orc sorcerers (Orc:2)
  22 elephants
  An ice statue (IceCv)
  2 black mambas
  2 molten gargoyles (Gauntlet)
  A rust devil (Orc:2)
  25 cane toads
  A gargoyle (Gauntlet)
  6 komodo dragons
  3 kobold demonologists
  2 tengu conjurers
  8 rime drakes
  3 meliai
  2 red devils (Orc:2)
  A hornet (D:9)
  10 trolls
  Grinder (D:6)
  2 tyrant leeches (Lair:5)
  13 polar bears
  A hornet (shapeshifter) (D:13)
  7 dream sheep (Lair:4)
  27 blink frogs
  18 slime creatures
  A vampire (D:13)
  Sigmund (D:6)
  A shadow (D:11)
  A ynoxinul (Gauntlet)
  3 wyverns
  A wraith (D:12)
  44 yaks
  4 basilisks
  Eustachio (D:6)
  8 vampire mosquitoes
  A steam dragon (D:10)
  A neqoxec (Orc:2)
  Menkaure (Ossuary)
  An acid dragon (D:10)
  A warg (Orc:2)
  2 nagas (Lair:2)
  16 water moccasins
  29 orc warriors
  A sky beast (D:7)
  5 ice beasts (D:10)
  4 ogres
  2 black bears
  41 wolves
  2 centaurs (D:7)
  4 kobold brigands
  16 bullfrogs
  5 scorpions
  3 wights
  21 killer bees
  3 howler monkeys (D:10)
  3 electric eels
  A hound (D:6)
  16 jellies
  2 gnoll boudas
  29 orc priests
  2 iron imps (Gauntlet)
  Ijyb (D:3)
  Natasha (thrice) (D:3)
  5 iguanas
  15 orc wizards
  5 hell rats
  Terence (D:2)
  3 mummies (Ossuary)
  21 gnolls
  16 adders
  A river rat (Sewer)
  3 shadow imps
  2 dart slugs
  69 orcs
  7 ball pythons
  7 endoplasms
  4 giant cockroaches
  15 goblins
  14 hobgoblins
  6 jackals (D:1)
  4 quokkas
  3 bats
  2 frilled lizards
  3 gnoll skeletons (Ossuary)
  4 gnoll zombies (Ossuary)
  5 goblin skeletons (Ossuary)
  3 goblin zombies (Ossuary)
  4 hobgoblin skeletons (Ossuary)
  4 hobgoblin zombies (Ossuary)
  27 kobolds
  5 kobold skeletons (Ossuary)
  8 kobold zombies (Ossuary)
  4 orc skeletons (Ossuary)
  3 orc zombies (Ossuary)
  12 rats
  4 rat skeletons (Ossuary)
  3 rat zombies (Ossuary)
  A butterfly (Lair:4)
806 creatures vanquished.

Vanquished Creatures (collateral kills)
  An orc warrior (Bailey)
  A killer bee (D:8)
  An orc (D:8)
3 creatures vanquished.

Vanquished Creatures (others)
  A deep elf knight (Orc:2)
  A polar bear (IceCv)
  An orc warrior (Bailey)
3 creatures vanquished.

Grand Total: 812 creatures vanquished

Notes
Turn   | Place    | Note
-------+----------+-------------------------------------------
     0 | D:1      | Kurtz the Tengu Fighter began the quest for the Orb.
     0 | D:1      | Reached XP level 1. HP: 14/14 MP: 2/2
   143 | D:1      | Reached XP level 2. HP: 14/19 MP: 3/3
   426 | D:1      | Reached XP level 3. HP: 22/23 MP: 4/4
   639 | D:1      | Found Sicab's General Store.
   702 | D:1      | Bought a scroll of teleportation for 30 gold pieces
   765 | D:2      | Found a burning altar of Makhleb.
   987 | D:2      | Found Huxu's Weapon Shop.
  1190 | D:2      | Noticed Terence
  1329 | D:2      | Killed Terence
  1330 | D:2      | Reached XP level 4. HP: 18/28 MP: 5/5
  1515 | D:2      | Reached skill level 5 in Axes
  1685 | D:3      | Noticed Natasha
  1694 | D:3      | Killed Natasha
  1695 | D:3      | Gained mutation: Your magical nature lets you fly swiftly
                  | and evasively. [Tengu growth]
  1695 | D:3      | Reached XP level 5. HP: 26/32 MP: 6/6
  1867 | D:3      | Identified the +3 scale mail of Beogh's Delight {+Inv Fly
                  | Str-5 Dex+3}
  1927 | D:3      | Found a glowing drain.
  1932 | Sewer    | Entered a sewer
  2258 | D:3      | Noticed Ijyb
  2277 | D:3      | Killed Ijyb
  2278 | D:3      | Reached XP level 6. HP: 20/37 MP: 7/7
  2304 | D:3      | Noticed Natasha
  2310 | D:3      | Killed Natasha
  2599 | D:3      | Noticed Natasha
  2604 | D:3      | Killed Natasha
  2799 | D:4      | Reached XP level 7. HP: 41/41 MP: 8/8
  3420 | D:5      | Entered Level 5 of the Dungeon
  3584 | D:5      | Reached XP level 8. HP: 38/46 MP: 9/9
  3592 | D:5      | Reached skill level 10 in Axes
  3743 | D:5      | Found a blossoming altar of Fedhas.
  4201 | D:6      | Noticed a komodo dragon
  4212 | D:6      | Killed a komodo dragon
  4244 | D:6      | Found a staircase to the Ecumenical Temple.
  4268 | Temple   | Entered the Ecumenical Temple
  4453 | Temple   | Became a worshipper of Warmaster Okawaru
  4630 | D:6      | Noticed Eustachio
  4759 | D:7      | Reached * piety under Okawaru
  4760 | D:7      | Reached skill level 1 in Dodging
  4760 | D:7      | Reached XP level 9. HP: 39/50 MP: 10/10
  4871 | D:7      | Found a sand-covered staircase.
  4879 | Ossuary  | Entered an ossuary
  5050 | Ossuary  | Reached skill level 1 in Invocations
  5170 | Ossuary  | Noticed Menkaure
  5175 | Ossuary  | Killed Menkaure
  6033 | D:6      | Noticed Sigmund
  6040 | D:6      | Killed Sigmund
  6050 | D:6      | Reached ** piety under Okawaru
  6187 | D:6      | Killed Eustachio
  6353 | D:6      | Noticed Grinder
  6361 | D:6      | Paralysed by Grinder for 4 turns
  6371 | D:6      | Killed Grinder
  6400 | D:6      | Found a glowing golden altar of the Shining One.
  6572 | D:8      | Reached XP level 10. HP: 21/56 MP: 12/12
  6649 | D:8      | Found a flagged portal.
  6659 | Bailey   | Entered a bailey
  6664 | Bailey   | Noticed an orc warlord
  6702 | Bailey   | Noticed an orc knight
  6771 | Bailey   | HP: 1/56 [orc knight/+0 battleaxe (23)]
  6830 | Bailey   | Killed an orc knight
  6830 | Bailey   | Reached *** piety under Okawaru
  6847 | Bailey   | Found the +2 cloak of the Thief {*Fog Slay-2 SInv Stlth+}
  6936 | Bailey   | Found a runed translucent gate.
  6940 | Bailey   | Found a runed translucent gate.
  6963 | Bailey   | Found a runed translucent gate.
  7082 | Bailey   | Killed an orc warlord
  7082 | Bailey   | Reached **** piety under Okawaru
  7083 | Bailey   | Reached skill level 5 in Dodging
  7328 | D:8      | Reached skill level 15 in Axes
  7517 | D:8      | Found a sparkling altar of Nemelex Xobeh.
  7709 | D:9      | Noticed a two-headed ogre
  7732 | D:9      | Killed a two-headed ogre
  8021 | D:9      | Received a gift from Okawaru
  8061 | D:9      | Reached ***** piety under Okawaru
  8072 | D:9      | Found a staircase to the Orcish Mines.
  8214 | D:9      | Found a transporter.
  8231 | D:9      | Found a transporter.
  8249 | D:9      | Noticed an orc knight
  8412 | D:9      | Reached XP level 11. HP: 60/60 MP: 14/14
  8681 | D:9      | Reached skill level 4 in Fighting
  9121 | D:10     | Entered Level 10 of the Dungeon
  9124 | D:10     | Found Suopnapi's Book Emporium.
  9150 | D:10     | Noticed a manticore
  9164 | D:10     | Killed a manticore
  9171 | D:10     | Reached skill level 5 in Fighting
  9256 | D:10     | Found an opulent altar of Gozag.
  9319 | D:9      | Acquired a manual of Fighting
  9321 | D:9      | Acquired 767 gold pieces
  9323 | D:9      | Acquired the +3 hat "Gecaanan" {-Cast rElec Str+4 Stlth+}
  9391 | D:10     | Reached skill level 6 in Fighting
  9401 | D:10     | Found a staircase to the Lair.
  9416 | D:10     | Reached skill level 7 in Fighting
  9437 | D:10     | Reached skill level 8 in Fighting
  9489 | D:10     | Found Ugef's Weapon Emporium.
  9503 | D:10     | Found Liluamoeno's Antique Weapon Shop.
  9518 | D:10     | Found a sacrificial altar of Ru.
  9518 | D:10     | Found a white marble altar of Elyvilon.
  9559 | D:10     | Reached skill level 9 in Fighting
  9729 | D:10     | Found Sumar's Antique Weapon Shoppe.
  9916 | D:11     | Noticed a two-headed ogre
  9940 | D:11     | Killed a two-headed ogre
  9941 | D:11     | Reached skill level 10 in Fighting
 10073 | D:11     | Noticed a boulder beetle
 10098 | D:11     | Identified the +1 kite shield of Asceticism {Contam Will-
                  | rCorr Str+6} (Okawaru gifted it to you on level 11 of the
                  | Dungeon)
 10098 | D:11     | Received a gift from Okawaru
 10099 | D:11     | Reached skill level 11 in Fighting
 10135 | D:11     | Found a stormy altar of Qazlal.
 10183 | D:11     | Killed a boulder beetle
 10303 | D:11     | Reached skill level 12 in Fighting
 10610 | D:12     | Noticed a two-headed ogre
 10623 | D:12     | Killed a two-headed ogre
 10624 | D:12     | Reached skill level 13 in Fighting
 10624 | D:12     | Reached XP level 12. HP: 62/84 MP: 15/15
 11268 | D:11     | Reached skill level 14 in Fighting
 11405 | D:10     | Bought a runed broad axe for 154 gold pieces
 11616 | D:12     | Found an opulent altar of Gozag.
 11643 | D:12     | Noticed a two-headed ogre
 11654 | D:12     | Killed a two-headed ogre
 12013 | D:12     | Noticed a tengu warrior
 12017 | D:12     | Killed a tengu warrior
 12217 | D:13     | Found a frozen archway.
 12217 | D:13     | You are sucked into a shaft and drop 2 floors!
 12217 | D:15     | Entered Level 15 of the Dungeon
 12219 | D:15     | Noticed Agnes
 12229 | D:15     | Killed Agnes
 12229 | D:15     | Identified the +0 robe "Hieres" {Str+4 Dex+3} (Okawaru
                  | gifted it to you on level 15 of the Dungeon)
 12229 | D:15     | Received a gift from Okawaru
 12245 | D:15     | Found Koethrer's Fire Supplies.
 12356 | D:13     | Noticed a two-headed ogre
 12385 | D:13     | Killed a two-headed ogre
 12434 | IceCv    | Entered an ice cave
 12573 | IceCv    | Reached XP level 13. HP: 89/91 MP: 16/16
 12673 | IceCv    | Reached skill level 15 in Fighting
 12850 | IceCv    | Noticed a frost giant
 12991 | IceCv    | Killed a frost giant
 13156 | IceCv    | Reached skill level 16 in Fighting
 13200 | IceCv    | Got the Excursus on Bewitching Black Ceremonies
 13377 | IceCv    | Reached ****** piety under Okawaru
 13526 | D:13     | Found a runed translucent door.
 13562 | D:13     | Received a gift from Okawaru
 13821 | D:13     | Paralysed by an ogre mage for 4 turns
 13833 | D:13     | Reached skill level 17 in Fighting
 13922 | D:13     | Found a gate to the Vaults.
 13953 | D:13     | Noticed Kurtz's ghost (journeyman TeFi)
 14128 | Lair:1   | Entered Level 1 of the Lair of Beasts
 14259 | Lair:1   | Reached XP level 14. HP: 102/102 MP: 17/17
 14985 | Lair:2   | Received a gift from Okawaru
 15098 | Lair:2   | Found a staircase to the Snake Pit.
 15446 | Lair:2   | Identified the +5 falchion of Quick Death {elec, Fragile
                  | rCorr Str+5 Int+2}
 15496 | Lair:2   | Reached skill level 18 in Fighting
 16182 | Lair:2   | Reached skill level 5 in Shields
 16597 | Lair:3   | Found a staircase to the Swamp.
 16684 | Lair:3   | Received a gift from Okawaru
 17219 | Lair:4   | Reached skill level 19 in Fighting
 17637 | Lair:4   | Found a staircase to the Slime Pits.
 17662 | Lair:4   | Found a viscous altar of Jiyva.
 17699 | Lair:4   | Reached XP level 15. HP: 99/111 MP: 18/18
 17949 | Lair:5   | Entered Level 5 of the Lair of Beasts
 18203 | Lair:5   | Found a gate leading to a gauntlet.
 18240 | Gauntlet | Entered a Gauntlet
 18240 | Gauntlet | Found a transporter.
 18240 | Gauntlet | Found a transporter.
 18245 | Gauntlet | Found a transporter.
 18260 | Gauntlet | Found a transporter.
 18275 | Gauntlet | Found a transporter.
 18288 | Gauntlet | Found a transporter.
 18304 | Gauntlet | Found a transporter.
 18370 | Gauntlet | Found a transporter.
 18385 | Gauntlet | Found a transporter.
 18407 | Gauntlet | Found a transporter.
 18414 | Gauntlet | Found a transporter.
 18498 | Gauntlet | Found a transporter.
 18506 | Gauntlet | Found a transporter.
 18509 | Gauntlet | Found a transporter.
 18512 | Gauntlet | Found a transporter.
 18519 | Gauntlet | Found a transporter.
 18623 | Gauntlet | Identified the scarf of Lesser Demons {repulsion, Fly rC-
                  | Str+3 Dex+5} (Okawaru gifted it to you in a Gauntlet)
 18623 | Gauntlet | Received a gift from Okawaru
 18624 | Gauntlet | Reached skill level 20 in Fighting
 18703 | Gauntlet | Identified the +0 pair of gloves of the Lich-sworn {rF+
                  | Int+3}
 18764 | Gauntlet | Identified the +0 pair of gloves of Arim {Fly}
 18898 | Gauntlet | Identified the +4 war axe "Juefu" {freeze, rElec Str+3
                  | Dex+3}
 18917 | Gauntlet | Identified the +5 spear "Ycaseir" {freeze, Int+3}
 20651 | Orc:1    | Entered Level 1 of the Orcish Mines
 20872 | Orc:1    | Found a runed translucent gate.
 20872 | Orc:1    | Found a runed translucent gate.
 20872 | Orc:1    | Found a runed translucent gate.
 20878 | Orc:1    | Found an opulent altar of Gozag.
 20880 | Orc:1    | Noticed Ytum's ghost (journeyman HOFi)
 21265 | Orc:2    | Entered Level 2 of the Orcish Mines
 21265 | Orc:2    | Found a staircase to the Elven Halls.
 21545 | Orc:2    | Found Xagun's General Store.
 21551 | Orc:2    | Found Plog's Magic Scroll Emporium.
 21834 | Orc:2    | Identified the +0 ring mail "Henoq" {Harm Rampage} (Okawaru
                  | gifted it to you on level 2 of the Orcish Mines)
 21834 | Orc:2    | Received a gift from Okawaru
 21835 | Orc:2    | Reached skill level 21 in Fighting
 21836 | Orc:2    | Reached XP level 16. HP: 121/121 MP: 0/19
 22005 | Orc:2    | Reached skill level 10 in Dodging
 22259 | Orc:2    | Found Hian's Antique Weapon Shop.
 22259 | Orc:2    | Found Ocas's Book Boutique.
 22260 | Orc:2    | Found a one-way gate leading to the halls of Pandemonium.
 22311 | Orc:2    | Bought a potion of heal wounds for 75 gold pieces
 22311 | Orc:2    | Bought 2 curare-tipped darts for 36 gold pieces
 22313 | Orc:2    | Bought a scroll of acquirement for 728 gold pieces
 22313 | Orc:2    | Bought a scroll of identify for 28 gold pieces
 22627 | Orc:2    | Found Hywkax's Jewellery Shop.
 22703 | Orc:2    | Found a runed translucent gate.
 22703 | Orc:2    | Found a runed translucent gate.
 22703 | Orc:2    | Found a runed translucent gate.
 22704 | Orc:2    | Found an iron altar of Okawaru.
 22704 | Orc:2    | Noticed Taurus's ghost (adept MiFi)
 22978 | Orc:2    | Acquired the +4 cloak "Henes" {Drain rC++}
 22979 | Orc:2    | Acquired 733 gold pieces
 23368 | Orc:2    | HP: 7/181 [poisoned by Taurus's ghost]
 23368 | Orc:2    | Slain by Taurus's ghost

Illustrated notes

Levels and vault maps discovered:
D:1:      dpeg_arrival_rooms_b, layout_loops_cross, serial_shops,
          nicolae_shop_tiny_real_fake_doors, minmay_cupped
D:2:      layout_basic, basic_altar, serial_shops,
          nicolae_shop_bloodbath_and_beyond, uniq_terence
D:3:      layout_basic, portal_sewer_entry_e, uniq_natasha, uniq_ijyb
D:4:      layout_rooms
D:5:      layout_basic, fedhas_altar_4, minmay_diced_spiral
D:6:      layout_loops_ring, tso_altar, minmay_temple_entry_arrows,
          uniq_eustachio, uniq_sigmund, uniq_grinder
D:7:      layout_loops_ring, chequers_ossuary_entry_cave
D:8:      layout_rooms, nemelex_xobeh_ov_fountains_minmay, enter_bailey_2
D:9:      gammafunk_beogh_shrine, layout_layer_cave,
          minmay_orc_entry_temple_large
D:10:     layout_roguey, mainiacjoe_overflow_cross_hatched,
          jmf_multi_god_temple, hellmonk_lair_entry_icy, serial_shops,
          nicolae_shop_behind_doors, nicolae_shop_window_shopping,
          nicolae_stop_n_shop_1, shop
D:11:     layout_basic, nicolae_qazlal_style_of_elements
D:12:     layout_loops_corners, nicolae_gozag_seed_capital
D:13:     layout_cross, david_vaults_2, portal_ice_cave_entry_pillars_1,
          gammafunk_ghost_grave
D:14:     layout_basic, minmay_misc_feat_plants, serial_shops,
          nicolae_square_shop
D:15:     hangedman_depths_entry_civil_slaughter, layout_rooms,
          serial_co_window_serial, co_window_paths_a, co_window_corner_a,
          co_window_paths_b, co_window_of_opportunity_a, co_window_paths_b,
          co_window_paths_b, co_window_paths_a, co_window_corner_b,
          co_window_paths_c, co_window_corner_b, co_window_unsneaky_path_a,
          co_window_unsneaky_path_e, co_window_broadway_c, co_window_4corner_b,
          nicolae_shop_fire_sale [nicolae_sub_dead_trees], minivault_10,
          uniq_agnes
Temple:   regret_index_temple_sphere_string
Lair:1:   layout_long_grid, grunt_megastairs_1, infiniplex_staircase_pool
Lair:2:   layout_cave_pods, guppyfry_snake_entry_island
Lair:3:   layout_chaotic_city, swamp_mist
Lair:4:   layout_gridlike, minmay_slime_entry_jelly_boxes,
          chequers_serial_rivers_room_b, lemuel_fruit_fields
Lair:5:   minmay_lair_end_frog_pond, layout_layer_cave, gauntlet_entry_generic,
          nicolae_lair_grove_arrangements, grunt_forest_small_clearings,
          chequers_serial_rivers_micro_a
Orc:1:    layout_caves, ebering_ghost_gozag
Orc:2:    pf_orc_diabolical, layout_diamond_mine, basic_altar, serial_shops,
          shop, gammafunk_ghost_fury_of_okawaru

Skill      XL: |  1  2  3  4  5  6  7  8  9 10 11 12 13 14 15 16 |
---------------+-------------------------------------------------+-----
Axes           | 3 4 5 6 8 9 12 14 15 16 18 | 18.0
Dodging        | 1 3 6 8 9 10 | 10.2
Invocations    | 2 3 |  3.5
Fighting       | 13 14 17 19 21 | 21.6
Shields        | 4 6 8 9 |  9.1
Armour         | |  3.2

Action                     |  1- 3 |  4- 6 |  7- 9 | 10-12 | 13-15 | 16-18 || total
---------------------------+-------+-------+-------+-------+-------+-------++-------
  Melee: War axe           |    78 |    80 |       |       |    97 |       ||   255
         Kick              |    13 |    21 |   112 |   256 |   382 |    76 ||   860
         Peck              |     4 |    17 |    70 |   162 |   261 |    52 ||   566
         Flail             |       |    20 |   405 |    61 |    17 |       ||   503
         Hand axe          |       |       |       |   488 |       |       ||   488
         Broad axe         |       |       |       |   154 |   962 |   205 ||  1321
  Throw: Dart              |     2 |       |     1 |     3 |     3 |       ||     9
         Throwing net      |       |       |       |     4 |       |       ||     4
 Invoke: Heroism           |       |       |       |     3 |     5 |     1 ||     9
         Finesse           |       |       |       |     1 |       |       ||     1
  Evoke: Wand              |       |       |       |    41 |     3 |       ||    44
    Use: Scroll            |       |       |     9 |    13 |    16 |     3 ||    41
         Potion            |       |       |     3 |     1 |     1 |     1 ||     6
   Stab: Held in net/web   |       |       |       |     2 |       |       ||     2
         Invisible         |       |       |       |     2 |       |       ||     2
         Sleeping          |       |       |       |     3 |       |       ||     3
         Distracted        |       |       |       |       |     1 |       ||     1
 Armour: Scale mail        |    27 |    24 |   103 |   139 |    14 |       ||   307
         Plate armour      |       |     3 |       |     1 |   308 |    91 ||   403
         Skin              |       |       |    45 |       |       |       ||    45
         Ice dragon scales |       |       |       |       |    13 |       ||    13
  Dodge: Dodged            |    55 |    55 |   296 |   448 |   552 |   113 ||  1519
  Block: Buckler           |    18 |    12 |    81 |   108 |   210 |    50 ||   479
